 Dungeon Crawl Stone Soup version 0.23.0 (webtiles) character file.

Game seed: 16596156497599079667

42 Milting the Ducker (level 3, 0/15 HPs)
             Began as a Felid Transmuter on Feb 16, 2019.
             Slain by a goblin
             ... wielding a +0 dagger
              (2 damage)
             ... on level 2 of the Dungeon.
             The game lasted 00:07:56 (1021 turns).

Milting the Ducker (Felid Transmuter)               Turns: 1021, Time: 00:07:57

Health: 0/15       AC:  1    Str:  6    XL:     3   Next: 33%
Magic:  5/7        EV: 18    Int: 14    God:
Gold:   90         SH:  0    Dex: 17    Spells: 3/6 levels left
                                        Lives:  0   Deaths: 0

rFire    x . .     SeeInvis +     - Unarmed
rCold    + . .     Gourm    .   (shield unavailable)
rNeg     . . .     Faith    .   (armour unavailable)
rPois    .         Spirit   .   (helmet unavailable)
rElec    .         Reflect  .   (cloak unavailable)
rCorr    .         Harm     .   (gloves unavailable)
MR       .....                  (boots unavailable)
Stlth    ++........             (no amulet)
HPRegen  0.05/turn              e - ring of ice
MPRegen  0.10/turn              (no ring)

@: quick
A: very small, no armour, no weapons or thrown items, stealth, claws 1, fangs 3,
see invisible, carnivore, speed 1, shaggy fur 1, slow metabolism 1, sharp paws
a: no special abilities


You were on level 2 of the Dungeon.
You were not hungry.

You visited 1 branch of the dungeon, and saw 2 of its levels.

You collected 90 gold pieces.

Inventory:

Missiles
 a - 53 arrows
 g - 38 stones
 j - 13 sling bullets
Jewellery
 e - a ring of ice (left paw)
Scrolls
 b - 3 scrolls of remove curse {unknown}
 d - 2 scrolls of noise {unknown}
 f - a scroll of teleportation {unknown}
 h - 2 scrolls of magic mapping {unknown}
Comestibles
 c - 5 rations


   Skills:
 + Level 1.3 Fighting
 * Level 3.3 Dodging
 * Level 1.8 Stealth
 + Level 3.2 Unarmed Combat
 + Level 2.2 Spellcasting
 * Level 2.7 Transmutations


You had 3 spell levels left.
You knew the following spells:

 Your Spells              Type           Power        Failure   Level  Hunger
a - Beastly Appendage     Tmut           #.....       8%          1    #......
b - Sticks to Snakes      Tmut           #.......     12%         2    ###....

Your spell library contained the following spells:

 Spells                   Type           Power        Failure   Level  Hunger
 Spider Form              Tmut/Pois      #.........   36%         3    ###....
 Ice Form                 Ice/Tmut       #.......     78%         4    #####..
 Blade Hands              Tmut           #.........   91%         5    ######.


Dungeon Overview and Level Annotations

Branches:
Dungeon (2/15)

Altars:
Cheibriados


Innate Abilities, Weirdness & Mutations

You cannot wear armour.
You are incapable of wielding weapons or throwing items.
Your paws allow you to move quietly. (Stealth)
You have sharp claws.
You have razor-sharp teeth.
You have supernaturally acute eyesight. (SInv)
You are carnivorous and can eat meat at any time.
You cover ground quickly.
You are covered in fur. (AC +1)
You have a slow metabolism.
Your sharp claws are effective at attacking unaware monsters.


Message History

The stone closely misses your ball python.
The stone completely misses you.
You see here a stone.
The goblin shoots a stone.
The stone hits your ball python!
Your ball python dies!
The goblin shoots a stone.
The stone barely misses your ball python.
The stone closely misses you.
You see here an adder corpse.
You swap places.
You see here a stone.
The goblin shoots a stone.
The stone barely misses you.
The stone barely misses your ball python.
The goblin shoots a stone.
The stone hits you.
* * * LOW HITPOINT WARNING * * *
You see here 2 stones.
You see here a stone.
You closely miss the goblin.
The goblin unwields a +0 hunting sling.
The goblin wields a +0 dagger.
The goblin hits you with a +0 dagger.
You die...

........##.####......
........#......._....
.....)..#.........#
........#.........#
.............)...#
.)...............#
........((<......#
#.#.####......(..# ..
#.g@S.(†.(# #
#.######(## #.# #.#
#.# #........ #g#
######... ... #.


You could see a goblin and a friendly ball python.

Vanquished Creatures
  2 dart slugs (D:1)
  A leopard gecko (D:1)
  4 bats (D:1)
  A giant cockroach (D:1)
  5 goblins (D:1)
  4 hobgoblins
  2 jackals (D:1)
  5 kobolds (D:1)
  3 frilled lizards (D:1)
  4 rats (D:1)
31 creatures vanquished.

Vanquished Creatures (collateral kills)
  An adder (D:2)
1 creature vanquished.

Vanquished Creatures (others)
  4 toadstools (D:1)
4 creatures vanquished.

Grand Total: 36 creatures vanquished

Notes
Turn   | Place    | Note
-------+----------+-------------------------------------------
     0 | D:1      | Milting the Felid Transmuter began the quest for the Orb.
     0 | D:1      | Reached XP level 1. HP: 9/9 MP: 4/4
   156 | D:1      | Reached skill level 1 in Stealth
   178 | D:1      | Reached XP level 2. HP: 9/12 MP: 6/6
   649 | D:1      | Reached XP level 3. HP: 12/15 MP: 7/7
   976 | D:1      | Learned a level 2 spell: Sticks to Snakes
   979 | D:2      | Found a snail-covered altar of Cheibriados.
  1021 | D:2      | Slain by a goblin

Skill      XL: |  1  2 |
---------------+-------+-----
Stealth        | 1 |  1.8
Dodging        | 3 |  3.3
Fighting       | |  1.3
Unarmed Combat | |  3.2
Spellcasting   | |  2.2
Transmutations | |  2.7

Action                   || total
-------------------------++-------
Melee: Unarmed           ||    99
       Bite              ||     8
       Headbutt          ||     1
 Cast: Beastly Appendage ||     2
       Sticks to Snakes  ||     2
 Stab: Sleeping          ||     4
Armor: Skin              ||    10
Dodge: Dodged            ||   101
